 Dungeon Crawl Stone Soup version 0.23.2-40-g277498a001 (webtiles) character file.

Game seed: 14615022189820776687

173 Exodus22XD the Poker (level 5, -1/41 HPs)
             Began as a Merfolk Gladiator on Aug 28, 2019.
             Slain by an orc
             ... wielding a +0 club
              (6 damage)
             ... on level 3 of the Dungeon.
             The game lasted 00:05:18 (2020 turns).

Exodus22XD the Poker (Merfolk Gladiator)            Turns: 2020, Time: 00:05:19

Health: -1/41      AC:  4    Str: 15    XL:     5   Next: 53%
Magic:  5/5        EV: 14    Int:  8    God:
Gold:   131        SH:  0    Dex: 15    Spells: 4/4 levels left

rFire    . . .     SeeInvis .   a - +0 trident
rCold    . . .     Gourm    .   (no shield)
rNeg     . . .     Faith    .   b - +0 leather armour
rPois    .         Spirit   .   c - +0 helmet
rElec    .         Reflect  .   (no cloak)
rCorr    .         Harm     .   (no gloves)
MR       .....                  (no boots)
Stlth    +.........             (no amulet)
HPRegen  0.13/turn              (no ring)
MPRegen  0.09/turn              (no ring)

@: no status effects
A: change form in water, swift swim, stealthy swim
a: no special abilities


You were on level 3 of the Dungeon.
You were near starving.

You visited 1 branch of the dungeon, and saw 3 of its levels.

You collected 131 gold pieces.

Inventory:

Hand Weapons
 a - a +0 trident (weapon)
Missiles
 d - 5 throwing nets (quivered)
Armour
 b - a +0 leather armour (worn)
 c - a +0 helmet (worn)
Scrolls
 e - a scroll of enchant weapon {unknown}
 j - 4 scrolls of amnesia {unknown}
 k - 2 scrolls of identify {unknown}
 l - a scroll of immolation {unknown}
 n - a scroll of fog {unknown}
 q - 2 scrolls of enchant armour {unknown}
Potions
 h - a potion of mutation {unknown}
 o - a potion of brilliance {unknown}
 p - a potion of degeneration {unknown}
Comestibles
 f - 6 rations


   Skills:
 + Level 3.1 Fighting
 + Level 6.8 Polearms
 - Level 2.0 Throwing
 + Level 1.1 Armour
 + Level 5.1 Dodging


You had 4 spell levels left.
You didn't know any spells.
Your spell library was empty.

Dungeon Overview and Level Annotations

Branches:
Dungeon (3/15)

Altars:
Sif Muna


Message History

The orc barely misses you.
You barely miss the orc.
The orc is lightly wounded.
The orc closely misses you.
You hit the orc but do no damage.
The orc is lightly wounded.
The orc barely misses you.
You hit the orc.
The orc is moderately wounded.
You closely miss the orc. You completely miss the orc.
The orc hits you but does no damage.
You barely miss the orc. The orc hits you but does no damage.
You hit the orc but do no damage. The orc misses you.
You closely miss the orc. The orc hits you with a +0 club.
* * * LOW HITPOINT WARNING * * *
You hit the orc but do no damage. The orc closely misses you.
You hit the orc.
The orc is moderately wounded.
The orc hits you with a +0 club.
You die...

######### #oo......
### #o#
#####.######@##.#
####....#..........#
#........######.####
.##.##)## #.# #.##.#
.. ... ## #....# ..(
...# ...####..##..
...#
.......#..........#
......###.#.... ..#


You could see 3 orcs.

Vanquished Creatures
  An orc wizard (D:3)
  An orc priest (D:3)
  Jessica (D:2)
  5 adders (D:2)
  2 dart slugs (D:1)
  4 leopard geckos
  8 bats
  3 goblins
  5 hobgoblins
  A quokka (D:2)
  2 frilled lizards (D:1)
  4 kobolds
  5 rats
42 creatures vanquished.

Notes
Turn   | Place    | Note
-------+----------+-------------------------------------------
     0 | D:1      | Exodus22XD the Merfolk Gladiator began the quest for the
                  | Orb.
     0 | D:1      | Reached XP level 1. HP: 16/16 MP: 1/1
     2 | D:1      | Noticed a formicid
     2 | D:1      | Noticed a merfolk
     4 | D:1      | Noticed a ghoul
     4 | D:1      | Noticed an octopode
     6 | D:1      | Noticed an elf
     6 | D:1      | Noticed a minotaur
     8 | D:1      | Noticed a demigod
     8 | D:1      | Noticed a dwarf
    10 | D:1      | Noticed a halfling
    12 | D:1      | Noticed a felid
    12 | D:1      | Noticed a naga
    14 | D:1      | Noticed an ogre
    16 | D:1      | Noticed a draconian
    16 | D:1      | Noticed a vampire
    18 | D:1      | Noticed a human
    18 | D:1      | Noticed a troll
    20 | D:1      | Noticed a demonspawn
    20 | D:1      | Noticed a spriggan
    22 | D:1      | Noticed a tengu
    24 | D:1      | Noticed a vine stalker
    24 | D:1      | Noticed a gargoyle
    26 | D:1      | Noticed a centaur
   222 | D:1      | Reached XP level 2. HP: 22/22 MP: 2/2
   469 | D:1      | Reached skill level 5 in Polearms
   537 | D:1      | Reached XP level 3. HP: 28/28 MP: 3/3
   989 | D:2      | Reached XP level 4. HP: 12/34 MP: 4/4
  1307 | D:2      | Noticed Jessica
  1315 | D:2      | Killed Jessica
  1315 | D:2      | Reached skill level 6 in Polearms
  1710 | D:2      | Found a deep blue altar of Sif Muna.
  1980 | D:3      | Reached XP level 5. HP: 41/41 MP: 5/5
  1997 | D:3      | Reached skill level 5 in Dodging
  2004 | D:3      | Reached skill level 1 in Armour
  2020 | D:3      | Slain by an orc

Skill      XL: |  1  2  3  4  5 |
---------------+----------------+-----
Polearms       | 5 6 |  6.8
Fighting       | 3 |  3.1
Dodging        | 5 |  5.1
Armour         | 1 |  1.1
Throwing       | |  2.0

Action                   |  1- 3 |  4- 6 || total
-------------------------+-------+-------++-------
Melee: Trident           |   110 |    69 ||   179
  Use: Potion            |       |     3 ||     3
 Stab: Sleeping          |     2 |       ||     2
  Eat: Chunk             |       |     2 ||     2
Armor: Leather armour    |    29 |    10 ||    39
Dodge: Dodged            |    79 |    37 ||   116
